 Dungeon Crawl Stone Soup version 0.31-b1-18-g61460d1e46 (webtiles) character file.

Game seed: 9896451603946487516

478 groovy9 the Conjurer (level 6, -3/32 HPs)
             Began as a Deep Elf Conjurer on Jan 16, 2024.
             Slain by a gnoll sergeant
             ... wielding a +1 trident of protection
              (13 damage)
             ... on level 5 of the Dungeon.
             The game lasted 00:11:23 (3685 turns).

groovy9 the Conjurer (Deep Elf Conjurer)            Turns: 3685, Time: 00:11:24

Health: -3/32      AC:  2    Str:  4    XL:     6   Next: 85%
Magic:  12/17      EV: 12    Int: 25    God:
Gold:   193        SH:  0    Dex: 13    Spells: 14/17 levels left

rFire   . . .        h - +0 dagger
rCold   . . .        (no shield)
rNeg    . . .        a - +0 robe
rPois   .            (no helmet)
rElec   .            (no cloak)
rCorr   .            (no gloves)
SInv    .            (no boots)
Will    .....        (no amulet)
Stlth   ++           (no ring)
HPRegen 0.25/turn    (no ring)
MPRegen 0.15/turn

%: no passive effects
@: no status effects
A: no striking features
a: no special abilities


You were on level 5 of the Dungeon.
You visited 1 branch of the dungeon, and saw 5 of its levels.

You collected 193 gold pieces.

Inventory:

Hand Weapons
 h - a +0 dagger (weapon)
Missiles
 i - 2 throwing nets
Armour
 a - a +0 robe (worn)
Jewellery
 l - a +4 ring of protection
Scrolls
 d - 2 scrolls of fear
 f - a scroll of teleportation
Potions
 b - a potion of magic
 c - a potion of brilliance
 g - a potion of might
 j - a potion of lignification {unknown}
 m - a potion of curing {unknown}


   Skills:
 - Level 2.4 Dodging
 - Level 2.4 Stealth
 + Level 6.1 Spellcasting
 * Level 7.8 Conjurations


You had 14 spell levels left.
You knew the following spells:

 Your Spells              Type           Power      Damage    Failure   Level
a - Magic Dart            Conj           100%       1d8       1%          1
b - Searing Ray           Conj           94%        2d7       1%          2

Your spell library contained the following spells:

 Spells                   Type           Power      Damage    Failure   Level
 Iskenderun's Battlesphe  Conj           47%        2d10      8%          5
 Fulminant Prism          Conj/Alch      13%        3d9       14%         4
 Iskenderun's Mystic Bla  Conj/Tloc      27%        2d7       14%         4
 Bombard                  Conj/Erth      13%        9d3       92%         6
 Spellforged Servitor     Conj/Summ      13%        N/A       100%        7


Dungeon Overview and Level Annotations

Branches:
Dungeon (5/15)
 Temple: D:4-7

Altars:
Makhleb
Wu Jian
Zin

Shops:
D:1 ((   D:3 !


Message History

You see here a hound corpse.
You see here a +0 dagger.
Things that are here:
a +0 hand axe; a +0 chain mail
There is a stone staircase leading up here.
You climb upwards.
There is a stone staircase leading down here.
You start resting.
HP restored.
You start resting.
You feel a little less clever now.
You start resting.
Magic restored.
You climb downwards.
The gnoll sergeant hits you from afar with a +1 trident of protection.
The orc hits you with a +0 club.
There is a stone staircase leading up here.
Casting: Searing Ray (safe; 1% risk of failure)
Confirm with . or Enter, or press ? or * to list all spells.
Aiming: Searing Ray (safe; 1% risk of failure)
Press: ? - help, Shift-Dir - straight line, f - gnoll sergeant
Aim: a gnoll sergeant, wielding a +1 trident of protection and wearing a +0 ring mail (87% to hit)
The searing ray misses the gnoll sergeant. (Press . to maintain the ray.)
The gnoll sergeant closely misses you. The orc hits you with a +0 club.
A gnoll comes into view. It is wielding a +0 spear.
The searing ray hits the gnoll sergeant.
The gnoll sergeant is moderately wounded.
The gnoll sergeant closely misses you. The orc hits you with a +0 club.
The searing ray hits the gnoll sergeant!
The gnoll sergeant is heavily wounded.
The gnoll shouts!
The gnoll sergeant hits you from afar with a +1 trident of protection!
The orc hits you with a +0 club.
You hear a shout!
The searing ray hits the gnoll sergeant.
The gnoll sergeant is severely wounded.
You finish channelling your searing ray.
The gnoll sergeant hits you from afar with a +1 trident of protection!
You die...

#+#####..##...# .
#.............#
#.............##
+...(..).......#
#..............# ...
#.....)g.......# ....
####+##.............##
....##....##...g..........#
..........##o@[)#####'###.#
.........##....##.......##
.........................#
..##...................##
##...................##
#..[..####'###........#
#....[##....##.......##
#...[..'....##########
##.....#.....#


You could see a gnoll sergeant, a gnoll and an orc.

Vanquished Creatures
  An ice beast (D:5)
  A black bear (D:5)
  A scorpion (D:4)
  A hound (D:5)
  An orc priest (D:5)
  An iguana (D:5)
  A gnoll (D:5)
  4 adders
  2 ufetubi (D:4)
  4 ribbon worms
  2 dart slugs (D:3)
  10 orcs
  5 bats
  7 endoplasms
  4 giant cockroaches
  8 goblins
  2 hobgoblins
  6 jackals
  5 kobolds
  3 quokkas
  5 ball pythons
  2 frilled lizards (D:1)
  6 rats
82 creatures vanquished.

Notes
Turn   | Place    | Note
-------+----------+-------------------------------------------
     0 | D:1      | groovy9 the Deep Elf Conjurer began the quest for the Orb.
     0 | D:1      | Reached XP level 1. HP: 10/10 MP: 6/6
     4 | D:1      | Found Zenguane's Antique Weapon Boutique.
   221 | D:1      | Found Qunyitu's Weapon Boutique.
   249 | D:1      | Reached XP level 2. HP: 15/15 MP: 5/8
   361 | D:1      | Learned a level 2 spell: Searing Ray
   448 | D:1      | Reached skill level 5 in Conjurations
   968 | D:2      | Reached XP level 3. HP: 15/19 MP: 5/10
  1073 | D:2      | Found a burning altar of Makhleb.
  1241 | D:2      | Found a faded altar of an unknown god.
  1782 | D:3      | Reached XP level 4. HP: 24/24 MP: 9/12
  1965 | D:3      | Found a glowing silver altar of Zin.
  2266 | D:3      | Found Qiliryar's Distillery.
  2655 | D:4      | Found an ornate altar of the Wu Jian Council.
  2675 | D:4      | Identified the +3 ring mail of Ignis's Grace {Fly rPois
                  | rF+}
  2850 | D:4      | Reached skill level 6 in Conjurations
  2882 | D:4      | Noticed a scorpion
  2983 | D:4      | Killed a scorpion
  2984 | D:4      | Reached XP level 5. HP: 28/28 MP: 7/14
  3085 | D:4      | Reached skill level 5 in Spellcasting
  3356 | D:5      | Entered Level 5 of the Dungeon
  3528 | D:5      | Reached skill level 7 in Conjurations
  3558 | D:5      | Noticed an ice beast
  3558 | D:5      | Noticed a black bear
  3563 | D:5      | Killed a black bear
  3564 | D:5      | Reached XP level 6. HP: 32/32 MP: 10/16
  3568 | D:5      | Killed an ice beast
  3685 | D:5      | Slain by a gnoll sergeant

Illustrated notes

Levels and vault maps discovered:
D:1:      scummos_arrival_simple_crosswalls, layout_loops_ring, serial_shops,
          shop, shop
D:2:      layout_rooms, basic_ecumenical_altar, basic_altar
D:3:      layout_basic, lemuel_tele_altar, serial_shops, shop
D:4:      layout_rooms, mainiacjoe_overflow_chevrons
D:5:      layout_gridville, mainiacjoe_overflow_surrounded_room,
          minmay_temple_entry_junction

Skill      XL: |  1  2  3  4  5  6 |
---------------+-------------------+-----
Conjurations   | 5 6 7 |  7.8
Spellcasting   | 4 5 6 |  6.1
Dodging        | |  2.4
Stealth        | |  2.4

Action                     |  1- 3 |  4- 6 || total
---------------------------+-------+-------++-------
   Cast: Magic Dart        |    61 |    42 ||   103
         Searing Ray       |     6 |    20 ||    26
    Use: Scroll            |       |     6 ||     6
         Potion            |       |     1 ||     1
 Armour: Robe              |     3 |    15 ||    18
  Dodge: Dodged            |     2 |    15 ||    17
